 Dungeon Crawl Stone Soup version 0.31-a0-174-g85c54bcb58 (webtiles) character file.

Game seed: 17087788832073224721

114 qw the Shooter (level 4, -6/28 HPs)
             Began as a Gargoyle Hunter on June 15, 2023.
             Mangled by a gnoll
             ... wielding a +0 spear
              (8 damage)
             ... on level 3 of the Dungeon.
             The game lasted 00:00:46 (1585 turns).

qw the Shooter (Gargoyle Hunter)                    Turns: 1585, Time: 00:00:47

Health: -6/28      AC:  6    Str: 15    XL:     4   Next: 98%
Magic:  4/4        EV: 11    Int:  9    God:
Gold:   153        SH:  0    Dex: 15    Spells: 3/3 levels left

rFire   . . .        Y - +0 shortbow
rCold   . . .        (shield currently unavailable)
rNeg    + . .        c - +0 leather armour
rPois   inf          (no helmet)
rElec   +            (no cloak)
rCorr   .            (no gloves)
SInv    .            (no boots)
Will    .....        (no amulet)
Stlth   ++           (no ring)
HPRegen 0.24/turn    (no ring)
MPRegen 0.09/turn

%: no passive effects
@: no status effects
A: sickness immunity, AC +3, negative energy resistance 1, electricity
resistance, torment resistance 1, petrification resistance
a: no special abilities


You were on level 3 of the Dungeon.
You visited 1 branch of the dungeon, and saw 3 of its levels.

You collected 153 gold pieces.


Innate Abilities, Weirdness & Mutations

You are immune to sickness and miasma.
Your stone body is resilient. (AC +3)
You are immune to poison.
You resist negative energy. (rN+)
You are resistant to electric shocks. (rElec)
You are resistant to unholy torment.
You are immune to petrification.


   Skills:
 - Level 3.0 Fighting
 + Level 5.8 Ranged Weapons
 - Level 1.5 Dodging
 - Level 1.1 Stealth


You had 3 spell levels left.
You didn't know any spells.
Your spell library was empty.

Inventory:

Hand Weapons
 Y - a +0 shortbow (weapon)
Armour
 c - a +0 leather armour (worn)
Potions
 a - a potion of curing
 d - a potion of might {unknown}
 f - a potion of degeneration {unknown}
 g - a potion of invisibility {unknown}
 h - a potion of brilliance {unknown}

Dungeon Overview and Level Annotations

Branches:
Dungeon (3/15)

Altars:
Gozag

Shops:
D:2 =


Message History

The gnoll barely misses you.
You shoot an arrow. The arrow hits the gnoll.
The gnoll is heavily wounded.
The gnoll barely misses you. x2
You shoot an arrow. The arrow closely misses the gnoll.
The arrow hits the gnoll but does no damage.
The gnoll is heavily wounded.
The gnoll misses you. The gnoll barely misses you.
The gnoll closely misses you.
You shoot an arrow. The arrow hits the gnoll.
The gnoll is severely wounded.
The gnoll hits you with a +0 flail.
The gnoll hits you from afar with a +0 spear.
The gnoll barely misses you.
You shoot an arrow. The arrow completely misses the gnoll.
The arrow hits the gnoll!
You kill the gnoll!
The gnoll hits you with a +0 flail.
The gnoll hits you from afar with a +0 spear.
The gnoll hits you but does no damage. The gnoll misses you.
You shoot an arrow. The arrow hits the gnoll.
The gnoll is severely wounded.
The gnoll hits you with a +0 flail. The gnoll misses you.
You shoot an arrow. The arrow hits the gnoll.
You kill the gnoll!
The gnoll hits you but does no damage.
You shoot an arrow. The arrow barely misses the gnoll.
The gnoll closely misses you.
You shoot an arrow.
The arrow hits the gnoll but does no damage.
The gnoll barely misses you.
You shoot an arrow. The arrow hits the gnoll!
The gnoll is heavily wounded.
The gnoll hits you from afar with a +0 spear.
The gnoll barely misses you.
You shoot an arrow. The arrow closely misses the gnoll.
The gnoll hits you from afar with a +0 spear.
You shoot an arrow. The arrow hits the gnoll.
The gnoll is almost dead.
The gnoll hits you from afar with a +0 spear!
You die...

#.# ..##. #.# #.##.##.#
## ##.##.##.# #.
###...#.##.# #.
..........# #.
#...#.##.## ###.
##########.##.#...###...
#....))@....%......##.##
......g####...)#.......#
.#.###. #.#####.####.##
#g #..# ### #... #. #..#
###. #g #..# )....... ..
#..# ######## .. ...#
#...


You could see a gnoll.

Vanquished Creatures
  3 gnolls (D:3)
  2 adders (D:2)
  7 endoplasms
  2 giant cockroaches
  5 goblins
  2 hobgoblins
  8 jackals (D:1)
  7 kobolds
  5 quokkas
  5 ball pythons
  6 bats
  6 frilled lizards
  7 rats
65 creatures vanquished.

Notes
Turn   | Place    | Note
-------+----------+-------------------------------------------
     0 | D:1      | qw the Gargoyle Hunter began the quest for the Orb.
     0 | D:1      | Reached XP level 1. HP: 12/12 MP: 1/1
     0 | D:1      | 0 ||| qw: Version: 0.2-a-29-g511e9b1
     0 | D:1      | 0 ||| qw: Game counter: 5529
     0 | D:1      | 0 ||| qw: Always use a shield: true
     0 | D:1      | 0 ||| qw: God list: Okawaru
     0 | D:1      | 0 ||| qw: Allow faded altars: false
     0 | D:1      | 0 ||| qw: Do Orc after D:15 true
     0 | D:1      | 0 ||| qw: Do second Lair branch before Depths: true
     0 | D:1      | 0 ||| qw: Lair rune preference: random
     0 | D:1      | 0 ||| qw: Plans: Normal, Zot:1-4, Slime:5, God:TSO, Crypt,
                  | Tomb, Abyss, Pan, Hells, Win
     0 | D:1      | 0 ||| PLANNING D:1-11
    68 | D:1      | Found a faded altar of an unknown god.
   105 | D:1      | Reached XP level 2. HP: 17/17 MP: 2/2
   395 | D:1      | Reached XP level 3. HP: 21/21 MP: 3/3
   535 | D:1      | Reached skill level 5 in Ranged Weapons
   669 | D:1      | 669 ||| READING scroll labelled FOICIUNUMN.
   670 | D:1      | 670 ||| READING 2 scrolls labelled MYVIUS QOEMMEO.
   671 | D:1      | 671 ||| DROPPING scroll of butterflies.
   672 | D:1      | 672 ||| DROPPING scroll of immolation.
   723 | D:2      | Found Nodgh's Jewellery Shoppe.
   745 | D:2      | 745 ||| SHOPLISTING amulet of regeneration (390 gold, have
                  | 110).
   745 | D:2      | 745 ||| SHOPLISTING ring "Gourahon" {rN+ Str+4 Int-3 Dex+3
                  | SInv} (514 gold, have 110).
   745 | D:2      | 745 ||| SHOPLISTING ring of Wolot {Fly rCorr Int+2} (432
                  | gold, have 110).
   745 | D:2      | 745 ||| SHOPLISTING ring of fire (325 gold, have 110).
   745 | D:2      | 745 ||| SHOPLISTING ring of positive energy (260 gold, have
                  | 110).
   745 | D:2      | 745 ||| SHOPLISTING ring of protection from cold (325 gold,
                  | have 110).
   745 | D:2      | 745 ||| SHOPLISTING ring of willpower (325 gold, have 110).
   783 | D:2      | Reached skill level 3 in Fighting
   792 | D:2      | Reached XP level 4. HP: 28/28 MP: 4/4
  1101 | D:2      | Found an opulent altar of Gozag.
  1458 | D:2      | 1458 ||| DROPPING ring of flight.
  1459 | D:2      | 1459 ||| READING scroll labelled EPPATE UCITS.
  1460 | D:2      | 1460 ||| READING scroll labelled MESORU OXKEPA.
  1461 | D:2      | 1461 ||| DRINKING 2 ruby potions.
  1462 | D:2      | 1462 ||| DRINKING 2 golden potions.
  1463 | D:2      | 1463 ||| DROPPING potion of enlightenment.
  1567 | D:3      | 1567 ||| Stepping ~*~*~tactically~*~*~ (outnumbered).
  1572 | D:3      | 1572 ||| Stepping ~*~*~tactically~*~*~ (outnumbered).
  1579 | D:3      | HP: 7/28 [gnoll/+0 flail (2)]
  1584 | D:3      | HP: 2/28 [gnoll/+0 spear (3)]
  1585 | D:3      | Mangled by a gnoll

Levels and vault maps discovered:
D:1:      mrwooster_arrival_arrow, layout_basic,
          hellmonk_ecumenical_altar_crossroads
D:2:      layout_basic, serial_forest, infiniplex_forest_corner_2,
          infiniplex_forest_lined_room_, infiniplex_forest_lined_1,
          infiniplex_forest_clump_curved, infiniplex_forest_straight_5,
          basic_altar, serial_shops, shop
D:3:      layout_loops_ring, mainiacjoe_overflow_alcove_2,
          minmay_three_crescents, uniq_jessica

Skill      XL: |  1  2  3 |
---------------+----------+-----
Ranged Weapons | 5 |  5.8
Fighting       | 3 |  3.0
Dodging        | |  1.5
Stealth        | |  1.1

Action                     |  1- 3 |  4- 6 || total
---------------------------+-------+-------++-------
   Fire: Shortbow          |   113 |    79 ||   192
    Use: Scroll            |     2 |     2 ||     4
         Potion            |       |     2 ||     2
 Armour: Leather armour    |    18 |    13 ||    31
  Dodge: Dodged            |    27 |    30 ||    57

Table legend:
 A = Non-vault XP
 B = Vault XP
 C = Vault XP percentage of total XP
 D = Non-vault monster count
 E = Vault monster count
 F = Vault count percentage of total count
                 A         B        C        D         E       F
            +---------+---------+-------+---------+---------+-------
      Total |     164 |       0 |   0.0 |      65 |       0 |   0.0
            +---------+---------+-------+---------+---------+-------
        D:1 |      56 |       0 |   0.0 |      34 |       0 |   0.0
        D:2 |      63 |       0 |   0.0 |      26 |       0 |   0.0
        D:3 |      45 |       0 |   0.0 |       5 |       0 |   0.0
            +---------+---------+-------+---------+---------+-------
